 Dungeon Crawl Stone Soup version 0.30-a0-778-g2ef04afb54 (webtiles) character file.

Game seed: 9759650726067610740

425 Wobber the Changer (level 6, -6/38 HPs)
             Began as an Octopode Transmuter on Feb 16, 2023.
             Killed from afar by an orc wizard (9 damage)
             ... with a puff of flame
             ... on level 4 of the Dungeon.
             The game lasted 00:13:54 (4094 turns).

Wobber the Changer (Octopode Transmuter)            Turns: 4094, Time: 00:13:55

Health: -6/38      AC:  1    Str:  5    XL:     6   Next: 96%
Magic:  9/9        EV: 14    Int: 24    God:
Gold:   236        SH:  0    Dex: 14    Spells: 2/9 levels left

rFire   . . .      SeeInvis .      - Unarmed
rCold   . . .      Faith    .    (no shield)
rNeg    . . .      Spirit   .    (helmet currently unavailable)
rPois   .          Reflect  .    (no amulet)
rElec   .          Harm     .    b - ring of Eddo {rCorr Str-4 Int+8}
rCorr   +          Rampage  .    (no ring)
Will    .....                    (no ring)
Stlth   +++                      (no ring)
HPRegen 0.26/turn                (no ring)
MPRegen 0.11/turn                (no ring)
                                 (no ring)
                                 (no ring)

@: appendages
A: tentacle spike 3, almost no armour, amphibious, 8 rings, camouflage 1,
gelatinous body 1, (nimble swimmer 1), tentacles
a: End Transformation


You were on level 4 of the Dungeon.
One of your tentacles had grown a beastly spike.
You visited 1 branch of the dungeon, and saw 5 of its levels.

You collected 236 gold pieces.

Inventory:

Hand Weapons
 a - a +0 sling of draining
Missiles
 e - 5 poisoned darts
 f - 3 boomerangs
Magical Staves
 p - a staff of poison
Jewellery
 b - the ring of Eddo (left tentacle) {rCorr Str-4 Int+8}
   (You acquired it on level 1 of the Dungeon)

   [ring of resist corrosion]

   Str:       It affects your strength (-4).
   Int:       It affects your intelligence (+8).
   rCorr:     It protects you from acid and corrosion.
 w - an amulet of faith
Wands
 j - a wand of acid (3)
 m - a wand of iceblast (6)
Scrolls
 c - a scroll of fog
 k - a scroll of fear
 n - a scroll of brand weapon
 u - a scroll of vulnerability
Potions
 d - a potion of flight
 g - a potion of mutation {unknown}
 h - 2 potions of haste
 i - a potion of resistance {unknown}
 l - 2 potions of might {unknown}
 q - a potion of lignification
 r - a potion of berserk rage {unknown}
 s - 2 potions of degeneration
 t - 2 potions of ambrosia {unknown}
 v - a potion of curing
 x - a potion of heal wounds {unknown}


   Skills:
 - Level 1.0 Fighting
 + Level 3.9 Dodging
 + Level 1.5 Stealth
 - Level 3.0 Unarmed Combat
 - Level 2.1 Spellcasting
 * Level 4.4 Transmutations
 * Level 3.8 Ice Magic


You had 2 spell levels left.
You knew the following spells:

 Your Spells              Type           Power      Damage    Failure   Level
a - Beastly Appendage     Tmut           48%        N/A       1%          1
b - Wereblood             Tmut           24%        N/A       2%          2
c - Ice Form              Ice/Tmut       22%        N/A       22%         4

Your spell library contained the following spells:

 Spells                   Type           Power      Damage    Failure   Level
 Slow                     Hex            8%         N/A       12%         1
 Spider Form              Tmut/Pois      13%        N/A       14%         3
 Confusing Touch          Hex            2%         N/A       34%         3
 Vampiric Draining        Necr           2%         2d6       34%         3


Dungeon Overview and Level Annotations

Branches:
Dungeon (5/15)
 Temple: D:4-7

Altars:
Elyvilon
Gozag
Vehumet

Portals:
Abyss: D:3

Annotations:
D:3 2 transporters, cheesebisquit's ghost, amateur MiHu
D:5 Menkaure


Innate Abilities, Weirdness & Mutations

One of your tentacles has grown a beastly spike.
You cannot wear most types of armour.
You are amphibious.
You can wear up to eight rings at the same time.
Your skin changes colour to match your surroundings (Stealth+).
Your rubbery body absorbs attacks. (AC +1, EV +1)
((You are camouflaged when in or above water. (Stealth+)))
You have tentacles for arms and can constrict up to eight enemies at once.


Message History

* * * LOW HITPOINT WARNING * * *
You feel better. Something hits you. Something hits you.
You hear some strange, mumbled words.
You are confused.
You bump into the rock wall.
You bump into the rock wall.
You hear some strange, mumbled words.
Something tries to affect you, but you resist.
Something hits you.
You feel less confused. Something hits you.
There is a stone staircase leading up here.
Something completely misses you.
You climb upwards.
Reactivating autopickup.
There is a stone staircase leading down here.
Something hits you.
Deactivating autopickup; reactivate with Ctrl-A.
A magic dart appears from out of thin air!
The magic dart hits you!
* * * LOW HITPOINT WARNING * * *
You feel better.
You barely miss something.
Your tentacle spike misses something.
Something hits you.
* * * LOW HITPOINT WARNING * * *
You closely miss something.
Your tentacle spike misses something.
Something hits you.
* * * LOW HITPOINT WARNING * * *
You barely miss something.
Your tentacle spike misses something.
You closely miss something. Something hits you.
* * * LOW HITPOINT WARNING * * *
You completely miss something.
Your tentacle spike misses something.
Something hits you.
* * * LOW HITPOINT WARNING * * *
You barely miss something.
Your tentacle spike misses something.
You hear some strange, mumbled words.
A puff of flame appears from out of thin air!
The puff of flame hits you!
You die...

###.##### ####.##<# #.# .##.#
##.##.##.# #.# .##.####
##...#.##.# #.#
.......###.^)......######.#
.##)).....................#
.##.########.##.#####..##########
.##.###########.## #............
...........# #.{# ##....######.
.##........# ##@# ####.# #>
.########..# #.# #.# #. .# #..#
#.# #.# #. .########..# #.# ##.##
#. .......##..#####.# ##...## #.
.#####...........# ###.###.####.
.# ####..####### #...# #...... .#
#..# #.#(###.##### .# #..#
#.##...##


There were no monsters in sight!

Vanquished Creatures
  Sigmund (D:2)
  A necrophage (D:4)
  2 orc priests (D:5)
  Ijyb (D:5)
  6 adders
  10 orcs
  4 ball pythons
  4 bats (D:1)
  5 endoplasms
  5 giant cockroaches
  7 goblins
  5 hobgoblins
  2 kobolds (D:3)
  2 frilled lizards
  6 rats (D:1)
61 creatures vanquished.

Notes
Turn   | Place    | Note
-------+----------+-------------------------------------------
     0 | D:1      | Wobber the Octopode Transmuter began the quest for the Orb.
     0 | D:1      | Reached XP level 1. HP: 13/13 MP: 3/3
   132 | D:1      | Reached XP level 2. HP: 14/18 MP: 3/5
   221 | D:1      | Reached skill level 1 in Ice Magic
   841 | D:1      | Identified a scroll of acquirement
   841 | D:1      | Acquired the ring of Eddo {rCorr Str-4 Int+8}
   896 | D:2      | You fall into a shaft and drop 2 floors!
   936 | D:4      | Reached XP level 3. HP: 23/23 MP: 4/6
  1582 | D:2      | Noticed Sigmund
  1587 | D:2      | Learned a level 2 spell: Wereblood
  1593 | D:2      | Killed Sigmund
  1594 | D:2      | Reached skill level 3 in Transmutations
  1594 | D:2      | Reached XP level 4. HP: 28/28 MP: 2/7
  1594 | D:2      | Reached XP level 5. HP: 33/33 MP: 2/8
  1677 | D:2      | Learned a level 4 spell: Ice Form
  1773 | D:2      | Reached XP level 6. HP: 38/38 MP: 7/9
  2126 | D:2      | Found a white marble altar of Elyvilon.
  2362 | D:3      | Reached skill level 4 in Transmutations
  2799 | D:3      | Found a one-way gate to the infinite horrors of the Abyss.
  2799 | D:3      | Noticed cheesebisquit's ghost (amateur MiHu)
  2815 | D:3      | Found a transporter.
  2863 | D:3      | Found a transporter.
  3320 | D:4      | Reached skill level 1 in Stealth
  3749 | D:5      | Entered Level 5 of the Dungeon
  3749 | D:5      | Noticed Ijyb
  3761 | D:5      | Killed Ijyb
  3801 | D:5      | Found an opulent altar of Gozag.
  3808 | D:5      | Found a radiant altar of Vehumet.
  3892 | D:5      | Noticed Menkaure
  4094 | D:4      | Killed from afar by an orc wizard

Illustrated notes

Levels and vault maps discovered:
D:1:      dpeg_arrival_subterranean_lakeside_camping, layout_basic,
          chequers_mini_garden
D:2:      layout_loops_corners, basic_altar, uniq_sigmund
D:3:      layout_basic, gammafunk_ghost_abyssal_escape
D:4:      layout_loops_ring, dk_vineyard_2
D:5:      layout_basic, mainiacjoe_overflow_alcove_1,
          nicolae_gozag_seed_capital, mainiacjoe_overflow_six_doors_small,
          makhleb_heckhound_becter, minmay_temple_entry_purple_smoke,
          serial_shops, nicolae_shop_window_shopping, uniq_menkaure, uniq_ijyb,
          uniq_pikel, uniq_edmund

Skill      XL: |  1  2  3  4  5  6 |
---------------+-------------------+-----
Ice Magic      | 1 3 |  3.8
Dodging        | 3 |  3.9
Transmutations | 3 4 |  4.4
Stealth        | 1 |  1.5
Fighting       | |  1.0
Unarmed Combat | |  3.0
Spellcasting   | |  2.1

Action                     |  1- 3 |  4- 6 || total
---------------------------+-------+-------++-------
  Melee: Unarmed           |    80 |    87 ||   167
         Constrict         |    24 |    16 ||    40
         Tentacles         |    12 |    19 ||    31
         Kick              |    21 |    29 ||    50
         Punch             |       |     2 ||     2
   Fire: Sling             |       |     6 ||     6
   Cast: Beastly Appendage |    21 |    22 ||    43
         Wereblood         |     1 |       ||     1
  Evoke: Wand              |     2 |       ||     2
    Use: Scroll            |     6 |    10 ||    16
         Potion            |       |     2 ||     2
   Stab: Sleeping          |     2 |     5 ||     7
 Armour: Skin              |    10 |     2 ||    12
  Dodge: Dodged            |    35 |    44 ||    79

Table legend: (Time is in decaauts)
 A = Elapsed time spent in this place.
 B = Non-inter-level travel time spent in this place.
 C = Inter-level travel time spent in this place.
 D = Time resting spent in this place.
 E = Time spent auto-exploring this place.
 F = Levels seen in this place.
 G = Mean time per level.
                   A        B        C        D        E       F      G
               +--------+--------+--------+--------+--------+-----+--------+
         Total |   4083 |   3909 |    174 |    148 |   2978 |   5 |  816.6 |
       Dungeon |   4083 |   3909 |    174 |    148 |   2978 |   5 |  816.6 |
               +--------+--------+--------+--------+--------+-----+--------+

Top non-repeatable levels by time:
     D:4: 996 daAuts
     D:3: 955 daAuts
     D:2: 925 daAuts
     D:1: 870 daAuts
     D:5: 335 daAuts
